 Dungeon Crawl Stone Soup version 0.31.0-9-g3a7656b989 (webtiles) character file.

Game seed: 4794320054927601712

26 Peloso the Shield-Bearer (level 2, 27/27 HPs)
             Began as a Minotaur Fighter on Feb 6, 2024.
             Got out of the dungeon alive.
             The game lasted 00:01:22 (687 turns).

Peloso the Shield-Bearer (Minotaur Fighter)          Turns: 687, Time: 00:01:23

Health: 27/27      AC:  9    Str: 20    XL:     2   Next: 89%
Magic:  1/1        EV:  7    Int:  5    God:
Gold:   16         SH:  4    Dex:  9    Spells: 1/1 levels left

rFire   . . .        a - +0 long sword
rCold   . . .        d - +0 buckler
rNeg    . . .        c - +0 chain mail
rPois   .            (helmet restricted)
rElec   .            (no cloak)
rCorr   .            (no gloves)
SInv    .            (no boots)
Will    +....        (no amulet) Stlth
                     (no ring)
HPRegen 0.24/turn    (no ring)
MPRegen 0.07/turn

%: no passive effects
@: no status effects
A: horns 2, retaliatory headbutt, hooves 1, strong-willed 1
a: no special abilities


You escaped.
You visited 1 branch of the dungeon, and saw 1 of its levels.

You collected 16 gold pieces.

Inventory:

Hand Weapons
 a - a +0 long sword (weapon)
Armour
 b - a +0 scale mail
 c - a +0 chain mail (worn)
 d - a +0 buckler (worn)
Scrolls
 f - 2 scrolls of identify
 h - a scroll of teleportation {unknown}
 i - a scroll of amnesia
 l - a scroll of silence {unknown}
Potions
 e - a potion of might
 j - a potion of magic {unknown}
 k - 3 potions of curing {unknown}


   Skills:
 + Level 4.0 Fighting
 + Level 2.8 Long Blades
 + Level 4.0 Armour
 + Level 4.1 Shields


You had one spell level left.
You didn't know any spells.
Your spell library was empty.

Dungeon Overview and Level Annotations

Branches:
Dungeon (1/15)

Altars:


Innate Abilities, Weirdness & Mutations

You have a pair of horns on your head.
You reflexively headbutt those who attack you in melee.
You have large cloven feet.
You are strong-willed. (Will+)


Message History

The endoplasm freezes you.
You are frozen.
You hit the endoplasm.
You kill the endoplasm!
There is a stone staircase leading down here.
You see here a ball python corpse.
You open the door.
There is an open door here.
There is a staircase leading out of the dungeon here.
You open the door.
There is an open door here.
There is a stone staircase leading down here.
You see here a +0 short sword.
Found a leather armour.
A bat comes into view.
A bat is nearby!
A bat is nearby!
The bat hits you but does no damage.
You slash the bat!
You kill the bat!
You now have 16 gold pieces (gained 13).
Found a talisman of death.
You see here a +0 ring mail.
You see here a jackal skeleton.
You see here a +0 club.
Done exploring.
Done exploring.
Done exploring.
As you read the scroll labelled TIRHIST OLYL, it crumbles to dust.
It is a scroll of identify.
i - a scroll of amnesia It was a potion of mutation.
You feel extremely strange.
Your feet thicken and deform.
You feel strong-willed.
What level of the Dungeon? (default 1, ? - help)
You see here a +0 club.
You see here a jackal skeleton.
You see here a bat skeleton.
There is an open door here.
There is a staircase leading out of the dungeon here.
You have escaped!

##.....##................#
##..#
#.....##................#
#..##
#.....##.........#..#######.##
#.....##.........##.# ##....#
##.....##.........##.###.÷####
.......###.#########.##..##
###....###.## #PPP##....##
............###~~~##..###
.............'..@..'>.#
............###♣.♣##.##
............####'###.#
...####.######.....#.#####
......#.# ##.##.#.....#
##....#.#######.##.#####.#
......#.##...........# #.#
#.....#.##........##.###.#
#.#.#.#.##...............#


There were no monsters in sight!

Vanquished Creatures
  3 endoplasms (D:1)
  A giant cockroach (D:1)
  2 goblins (D:1)
  A hobgoblin (D:1)
  4 jackals (D:1)
  2 kobolds (D:1)
  2 ball pythons (D:1)
  6 bats (D:1)
  2 frilled lizards (D:1)
  A rat (D:1)
24 creatures vanquished.

Notes
Turn   | Place    | Note
-------+----------+-------------------------------------------
     0 | D:1      | Peloso the Minotaur Fighter began the quest for the Orb.
     0 | D:1      | Reached XP level 1. HP: 19/19 MP: 0/0
   165 | D:1      | Found a faded altar of an unknown god.
   173 | D:1      | Reached XP level 2. HP: 27/27 MP: 1/1
   643 | D:1      | Gained mutation: You have large cloven feet. [potion of
                  | mutation]
   643 | D:1      | Gained mutation: You are strong-willed. (Will+) [potion of
                  | mutation]
   687 | D:$      | Got out of the dungeon alive.

Illustrated notes

Levels and vault maps discovered:
D:1:      tarquinn_simple_flora_water_e, layout_basic,
          ebering_ecumenical_altar_webs, item_on_display_a

Skill      XL: |  1  2 |
---------------+-------+-----
Shields        | 4 |  4.1
Fighting       | 4 |  4.0
Armour         | 4 |  4.0
Long Blades    | |  2.8

Action                     || total
---------------------------++-------
  Melee: Long sword        ||    58
         Headbutt          ||     7
    Use: Scroll            ||     1
         Potion            ||     1
 Armour: Chain mail        ||    58
  Dodge: Dodged            ||    25
  Block: Buckler           ||    19
